 Dungeon Crawl Stone Soup version 0.26.1-11-gd32895ea62 (webtiles) character file.

Game seed: 16881782127029560982

63 Descartes the Sneak (level 3, -5/15 HPs)
             Began as a Felid Transmuter on Apr 17, 2021.
             Slain by a gnoll
             ... wielding a +0 halberd
              (6 damage)
             ... on level 1 of the Dungeon.
             The game lasted 00:04:16 (2780 turns).

Descartes the Sneak (Felid Transmuter)              Turns: 2780, Time: 00:04:16

Health: -5/15      AC:  1    Str:  7    XL:     3   Next: 87%
Magic:  6/7        EV: 19    Int: 14    God:
Gold:   86         SH:  0    Dex: 16    Spells: 5/6 levels left
                                        Lives:  0   Deaths: 0

rFire    . . .     SeeInvis +     - Unarmed
rCold    . . .     Faith    .   (shield unavailable)
rNeg     . . .     Spirit   .   (armour unavailable)
rPois    .         Reflect  .   (helmet unavailable)
rElec    .         Harm     .   (cloak unavailable)
rCorr    .         Rampage  .   (gloves unavailable)
Will     .....                  (boots unavailable)
Stlth    +++.......             (no amulet)
HPRegen  0.05/turn              (no ring)
MPRegen  0.10/turn              (no ring)

@: appendages (expiring), quick
A: very small, no armour, no weapons or thrown items, stealth, claws 1, fangs 3,
horns 2, see invisible, speed 1, shaggy fur 1, sharp paws
a: End Transformation


You were on level 1 of the Dungeon.
You had grown temporary horns.
You visited 1 branch of the dungeon, and saw 2 of its levels.

You collected 86 gold pieces.

Inventory:

Scrolls
 a - 2 scrolls of remove curse {unknown}
 b - a scroll of amnesia {unknown}
 c - 4 scrolls of teleportation {unknown}
 e - a scroll of blinking {unknown}
 g - a scroll of random uselessness {unknown}
 i - a scroll of identify
Potions
 d - a potion of haste
 f - a potion of resistance
 h - a potion of magic {unknown}


   Skills:
 - Level 1.0 Fighting
 + Level 3.8 Dodging
 * Level 4.3 Stealth
 - Level 3.0 Unarmed Combat
 - Level 2.0 Spellcasting
 - Level 2.1 Transmutations


You had 5 spell levels left.
You knew the following spells:

 Your Spells              Type           Power        Failure   Level
a - Beastly Appendage     Tmut           14%          10%         1

Your spell library contained the following spells:

 Spells                   Type           Power        Failure   Level
 Wereblood                Tmut           7%           14%         2
 Spider Form              Tmut/Pois      2%           41%         3
 Ice Form                 Ice/Tmut       4%           83%         4
 Blade Hands              Tmut           3%           95%         5


Dungeon Overview and Level Annotations

Branches:
Dungeon (2/15)

Altars:


Innate Abilities, Weirdness & Mutations

You cannot wear armour.
You are incapable of wielding weapons or throwing items.
Your paws allow you to move quietly. (Stealth)
You have sharp claws.
You have razor-sharp teeth.
You have supernaturally acute eyesight. (SInv)
You cover ground quickly.
You are covered in fur. (AC +1)
Your sharp claws are effective at attacking unaware monsters.
You have a pair of horns on your head.


Message History

There is a stone staircase leading down here.
Casting: Beastly Appendage (safe; 10% risk of failure)
Confirm with . or Enter, or press ? or * to list all spells.
You grow a pair of large bovine horns.
You climb downwards.
The gnoll shouts! x2
The gnoll barely misses you. The gnoll hits you with a +0 spear.
The gnoll barely misses you. The gnoll hits you with a +0 spear!
Ouch! That really hurt!
* * * LOW HITPOINT WARNING * * *
The gnoll shouts!
There is a stone staircase leading up, spattered with blood here.
The gnoll closely misses you. x2; The gnoll completely misses you.
You climb upwards.
Your transformation is almost over.
There is a stone staircase leading down here.
The gnoll barely misses you. The gnoll hits you with a +0 spear.
* * * LOW HITPOINT WARNING * * *
The gnoll hits you with a +0 halberd.
You die...

.##≈≈≈≈≈≈≈≈...##.......#.####.#.#
##≈≈≈≈≈≈≈≈..#.##.......#.# #.#.#
≈≈≈≈≈≈≈≈≈..##.##..#.#..#.####.#.#
≈≈≈≈≈≈≈≈..###..#..#.##...........
≈≈≈≈≈≈≈..## ##.#..##)#.#.###..#.#
≈≈≈≈≈...### #.#...#.#.#...#.....
≈.........# #...#.....#...#....#
......[.#.# ##gg#...............
##.######.# #g@#.#.###.........
..........# ####.#.#####.#....#
##.######## #.#............#
#.....# #.........#..... ######.#
###.#####....... .......# #.#
######## ######## ###


You could see 3 gnolls.

Vanquished Creatures
  Terence (D:2)
  A gnoll (D:2)
  2 oozes
  4 giant cockroaches
  2 goblins
  3 hobgoblins
  6 bats (D:1)
  A frilled lizard (D:2)
  2 kobolds (D:1)
  A rat (D:1)
23 creatures vanquished.

Notes
Turn   | Place    | Note
-------+----------+-------------------------------------------
     0 | D:1      | Descartes the Felid Transmuter began the quest for the Orb.
     0 | D:1      | Reached XP level 1. HP: 9/9 MP: 4/4
    45 | D:1      | Reached skill level 1 in Stealth
   402 | D:1      | Reached skill level 2 in Stealth
   402 | D:1      | Reached XP level 2. HP: 12/12 MP: 6/6
  1127 | D:2      | Reached skill level 3 in Stealth
  1361 | D:2      | Reached XP level 3. HP: 5/15 MP: 5/7
  1622 | D:2      | Noticed Terence
  2565 | D:2      | Killed Terence
  2566 | D:2      | Reached skill level 4 in Stealth
  2780 | D:1      | Slain by a gnoll

Illustrated notes

Levels and vault maps discovered:
D:1:      minmay_arrival_shoal_huts, layout_basic, minmay_pentomino_s2
D:2:      layout_loops_cross, uniq_terence

Skill      XL: |  1  2  3 |
---------------+----------+-----
Stealth        | 2 3 4 |  4.3
Dodging        | 3 |  3.8
Fighting       | |  1.0
Unarmed Combat | |  3.0
Spellcasting   | |  2.0
Transmutations | |  2.1

Action                   || total
-------------------------++-------
Melee: Unarmed           ||    93
       Headbutt          ||     4
       Bite              ||     4
 Cast: Beastly Appendage ||     6
  Use: Scroll            ||     2
 Stab: Sleeping          ||     2
Armor: Skin              ||     8
Dodge: Dodged            ||   104
